 Dungeon Crawl Stone Soup version 0.20.0-10-g0535bb4 (console) character file.

49 removed the Sneak (level 3, 20/20 HPs)
             Began as a Deep Elf Assassin on June 4, 2017.
             Was a Follower of Dithmenos.
             Quit the game on level 2 of the Dungeon.
             The game lasted 00:01:44 (1711 turns).

removed the Sneak (Deep Elf Assassin)               Turns: 1711, Time: 00:01:44

Health: 20/20      AC:  5    Str:  8    XL:     3   Next: 53%
Magic:  5/5        EV: 12    Int: 16    God:    Dithmenos [*.....]
Gold:   84         SH:  0    Dex: 16    Spells: 2/2 levels left

rFire    . . .     SeeInvis .   a - +2 dagger
rCold    . . .     Gourm    .   (no shield)
rNeg     . . .     Faith    .   c - +0 robe
rPois    .         Spirit   .   r - +0 helmet (curse)
rElec    .         Reflect  .   i - +1 cloak
rCorr    .         Harm     .   (no gloves)
MR       .....                  (no boots)
Stlth    +++.......             (no amulet)
Regen    0.1/turn               (no ring)
MPRegen  0.1/turn               (no ring)

@: wreathed by umbra
A: no striking features
a: Renounce Religion


You were on level 2 of the Dungeon.
You worshipped Dithmenos.
Dithmenos was aware of your devotion.
You were not hungry.

You visited 1 branch of the dungeon, and saw 2 of its levels.

You collected 84 gold pieces.

Inventory:

Hand Weapons
 a - a +2 dagger (weapon)
 b - a +0 blowgun
Missiles
 e - 37 poisoned needles
 f - 2 curare-tipped needles
Armour
 c - a +0 robe (worn)
 d - a +0 cloak
 i - a +1 cloak (worn)
 r - a cursed +0 helmet (worn)
Scrolls
 h - 2 scrolls of teleportation {unknown}
 j - a scroll of recharging {unknown}
 m - 2 scrolls of magic mapping {unknown}
 n - a scroll of fear {unknown}
 o - a scroll of immolation {unknown}
Potions
 k - a potion of agility {unknown}
 s - a potion of might {unknown}
Comestibles
 g - 2 bread rations
 p - 2 meat rations
 q - a fruit


   Skills:
 - Level 1.5 Fighting
 + Level 4.0 Short Blades
 - Level 2.0 Throwing
 - Level 1.2 Dodging
 - Level 4.8 Stealth


You had 2 spell levels left.
You didn't know any spells.

Dungeon Overview and Level Annotations

Branches:
Dungeon (2/15)

Altars:
Dithmenos
Zin


Message History

Wear which item? (? for menu, Esc to quit)
You start putting on your armour.
You continue putting on your runed helmet. x4
You finish putting on your cursed +0 helmet.
Oops, that feels deathly cold.
e - 37 poisoned needles (gained 16)
Found a faded altar of an unknown god.
s - a white potion
There is a faded altar of an unknown god here.
You open the door.
Found a glowing silver altar of Zin.
Search for what [? for help]? unk
There is a faded altar of an unknown god here.
Unknown command.
Press < or > to pray at altars.
You cannot tell which god this altar belongs to.
Convert to them anyway?
Dithmenos accepts your prayer! Dithmenos welcomes you!
You are shrouded in an aura of darkness!
Are you sure you want to abandon this character and quit the game? (Confirm with "yes".)

........###.#...#
#.............#
#.#.###
#.............# #.#.#
#.............# #.#.#
#.............###.#.#
#.............#...#.#
#...................#
#...............#...#
#..(...........#@#..#
#...............#...#
#...................#
..............###.#.#
..............# #.#.#
...############ #.#.#
....# .#.# ....# ##
....#


There were no monsters in sight!

Vanquished Creatures
  2 adders (D:2)
  A worm (D:2)
  A dart slug (D:1)
  2 ball pythons
  3 giant cockroaches
  4 hobgoblins (D:1)
  6 bats (D:1)
  4 frilled lizards
  2 goblins (D:1)
  2 kobolds (D:1)
  A rat (D:1)
28 creatures vanquished.

Notes
Turn   | Place    | Note
-------+----------+-------------------------------------------
     0 | D:1      | removed the Deep Elf Assassin began the quest for the Orb.
     0 | D:1      | Reached XP level 1. HP: 12/12 MP: 3/3
   556 | D:1      | Reached XP level 2. HP: 16/16 MP: 4/4
  1111 | D:2      | Reached XP level 3. HP: 20/20 MP: 5/5
  1663 | D:2      | Found a faded altar of an unknown god.
  1696 | D:2      | Found a glowing silver altar of Zin.
  1710 | D:2      | Became a worshipper of Dithmenos the Shadowed
  1710 | D:2      | Reached * piety under Dithmenos
  1711 | D:2      | Quit the game

Skill      XL: |  1  2  3 |
---------------+----------+-----
Short Blades   | 3 4 |  4.0
Fighting       | |  1.5
Throwing       | |  2.0
Dodging        | |  1.2
Stealth        | |  4.8

Action                   || total
-------------------------++-------
Melee: Dagger            ||    86
 Fire: Blowgun           ||    20
 Stab: Sleeping          ||     5
  Eat: Chunk             ||     2
Armor: Robe              ||    18
Dodge: Dodged            ||    58
